Map: Dusk Towers

Players

Harstem - Winner!

  • Race: Protoss Protoss
  • League: Grandmaster

SortOf

  • Race: Zerg Zerg
  • League: Grandmaster

Event: 2016 WCS Winter Challenger Europe

VOD

Have the link to the VOD?

Description

Time

  • Played on: Feb. 13, 2016, 11:56 a.m.
  • Length: 13:40

All games in this series

Show
View Real Time Build Order
Export as new Build Order

Harstem Protoss - Winner!

Build Orders: Nexus First, Phoenix Opening 

Get SALT Encoding   

  12  0:01  Probe (Chrono Boost)  
  13  0:11  Probe (Chrono Boost)  
  14  0:19  Pylon  
  14  0:23  Probe (Chrono Boost)  
  15  0:37  Probe (Chrono Boost)  
  16  0:48  Probe (Chrono Boost)  
  17  0:57  Nexus  
  17  1:08  Gateway  
  17  1:10  Probe (Chrono Boost)  
  18  1:16  Assimilator  
  18  1:21  Probe (Chrono Boost)  
  19  1:31  Probe (Chrono Boost), Assimilator  
  20  1:40  Gateway  
  20  1:42  Probe (Chrono Boost)  
  21  1:52  Probe (Chrono Boost)  
  22  1:55  Cybernetics Core  
  22  2:03  Probe (Chrono Boost)  
  23  2:10  Probe (Chrono Boost)  
  23  2:13  Probe (Chrono Boost)  
  25  2:20  Probe (Chrono Boost)  
  26  2:24  Probe (Chrono Boost)  
  27  2:30  Probe (Chrono Boost)  
  27  2:31  Warp Gate  
  27  2:32  Adept x2 (Chrono Boost)  
  27  2:35  Probe  
  33  2:42  Probe  
  34  2:47  Probe (Chrono Boost)  
  34  2:51  Stargate  
  35  2:53  Pylon  
  35  2:54  Probe (Chrono Boost)  
  36  2:59  Probe (Chrono Boost)  
  36  3:05  Probe (Chrono Boost)  
  38  3:11  Probe (Chrono Boost)  
  39  3:16  Probe (Chrono Boost)  
  40  3:22  Mothership Core (Chrono Boost)  
  40  3:24  Pylon  
  42  3:30  Probe (Chrono Boost)  
  43  3:36  Sentry (Chrono Boost)  
  43  3:38  Nexus  
  43  3:40  Pylon  
  43  3:41  Phoenix (Chrono Boost)  
  45  3:43  Probe  
  45  3:46  Pylon  
  45  3:47  Probe  
  49  3:52  Adept (Chrono Boost)  
  51  3:55  Probe  
  51  4:00  Probe (Chrono Boost)  
  53  4:05  Robotics Facility  
  53  4:08  Probe (Chrono Boost)  
  54  4:11  Probe (Chrono Boost)  
  54  4:15  Assimilator  
  55  4:18  Phoenix (Chrono Boost)  
  55  4:19  Probe  
  55  4:21  Probe  
  55  4:22  Assimilator  
  59  4:27  Gateway  
  59  4:31  Probe  
  59  4:32  Probe  
  59  4:35  Pylon  
  59  4:38  Forge  
  61  4:39  Phoenix (Chrono Boost)  
  61  4:43  Probe  
  61  4:44  Probe  
  65  4:50  Probe  
  66  4:54  Probe, Immortal (Chrono Boost)  
  66  4:55  Probe  
  72  5:00  Phoenix  
  72  5:02  Probe  
  72  5:05  Probe  
  76  5:07  Probe  
  77  5:14  Probe (Chrono Boost)  
  77  5:16  Probe (Chrono Boost)  
  77  5:18  Robotics Facility  
  77  5:21  Probe (Chrono Boost)  
  80  5:26  Probe (Chrono Boost)  
  80  5:28  Probe (Chrono Boost), Pylon, Assimilator  
  82  5:29  Immortal (Chrono Boost)  
  82  5:33  Probe (Chrono Boost)  
  87  5:35  Protoss Ground Weapons Level 1 (Chrono Boost)  
  87  5:37  Probe (Chrono Boost)  
  87  5:38  Probe (Chrono Boost)  
  89  5:44  Probe (Chrono Boost)  
  89  5:45  Assimilator  
  89  5:46  Probe (Chrono Boost), Pylon  
  92  5:51  Twilight Council  
  92  5:56  Probe  
  92  5:58  Gateway  
  92  6:00  Gateway  
  92  6:08  Immortal (Chrono Boost)  
  92  6:10  Probe  
  101  6:11  Immortal (Chrono Boost)  
  101  6:13  Zealot x2  
  101  6:18  Pylon  
  105  6:21  Pylon  
  105  6:24  Pylon  
  105  6:25  Zealot  
  107  6:34  Photon Cannon  
  107  6:42  Charge (Chrono Boost), Immortal (Chrono Boost)  
  107  6:45  Templar Archives  
  111  6:55  Immortal (Chrono Boost)  
  111  6:58  Zealot  
  111  6:59  Zealot x3  
  123  7:04  Pylon  
  123  7:06  Pylon  
  123  7:11  Gateway  
  123  7:13  Pylon, Psionic Storm  
  123  7:14  Warp Prism (Chrono Boost)  
  123  7:15  Gateway  
  123  7:22  High Templar x2  
  127  7:27  Observer  
  129  7:33  High Templar  
  129  7:35  Zealot x2, Protoss Ground Weapons Level 2 (Chrono Boost)  
  136  7:38  Pylon  
  136  7:39  Pylon  
  136  7:47  Immortal  
  136  7:48  Nexus  
  136  7:51  Pylon  
  140  7:53  Pylon  
  140  7:55  Immortal  
  144  7:59  High Templar  
  144  8:03  Zealot x2  
  150  8:09  Probe  
  150  8:11  Probe  
  152  8:16  High Templar x2  
  152  8:17  Pylon, Photon Cannon  
  156  8:23  Zealot x3  
  156  8:24  Zealot  
  156  8:26  Observer  
  165  8:27  Probe  
  165  8:30  Assimilator  
  166  8:35  Assimilator  
  166  8:41  Immortal  
  166  8:42  Zealot  
  166  8:44  High Templar x2  
  166  8:45  Zealot  
  166  8:46  Probe  
  179  8:52  Archon, Photon Cannon  
  179  8:53  Immortal  
  183  8:56  Zealot  
  179  9:11  Zealot x4  
  179  9:16  Zealot x3  
  187  9:21  Observer  
  184  9:33  Observer  
  184  9:34  Zealot x4  
  185  9:42  Immortal  
  176  9:47  Zealot x3  
  145  9:54  Observer  
  145  9:57  Zealot x4  
  148  10:12  Zealot x2  
  148  10:13  Zealot  
  152  10:14  Photon Cannon  
  152  10:15  Probe, Immortal (Chrono Boost)  
  152  10:17  Photon Cannon  
  152  10:18  Pylon, Immortal (Chrono Boost)  
  152  10:19  High Templar  
  152  10:20  High Templar x3  
  165  10:24  Archon  
  165  10:25  Archon  
  171  10:28  Probe (Chrono Boost)  
  171  10:29  Probe (Chrono Boost)  
  171  10:30  Mothership Core (Chrono Boost)  
  171  10:31  Protoss Ground Weapons Level 3 (Chrono Boost)  
  173  10:35  High Templar x2  
  173  10:40  Probe x2 (Chrono Boost)  
  173  10:42  Archon, High Templar  
  182  10:50  Fleet Beacon  
  182  10:51  Probe (Chrono Boost), Stargate  
  182  10:52  Warp Prism  
  184  11:01  Zealot x4  
  139  11:26  Zealot x7  
  139  11:29  Immortal (Chrono Boost)  
  139  11:30  Immortal (Chrono Boost)  
  161  11:33  Probe (Chrono Boost)  
  162  11:47  High Templar  
  162  11:48  Nexus, High Templar x3  
  162  11:49  High Templar x2  
  162  11:51  Zealot  
  162  11:52  Archon x2  
  162  11:53  Archon  
  176  11:55  Probe  
  176  11:58  Pylon  
  176  11:59  Pylon  
  177  12:01  Assimilator  
  177  12:05  Assimilator  
  175  12:12  Tempest  
  179  12:19  Tempest  
  179  12:20  Zealot x4  
  179  12:21  Zealot  
  179  12:22  Immortal (Chrono Boost)  
  187  12:34  Archon  
  187  12:35  High Templar x2  
  187  12:41  Archon  
  187  12:43  Zealot x5  
  145  13:12  Zealot x7  
  156  13:21  Probe (Chrono Boost)  
  156  13:25  Probe (Chrono Boost)  
  156  13:26  Probe x2 (Chrono Boost)  
  159  13:27  Probe (Chrono Boost), Photon Cannon  
  159  13:29  Photon Cannon  
Show
View Real Time Build Order
Export as new Build Order

SortOf Zerg 

Build Orders: 3 Hatch before Pool, Lurkers 

Get SALT Encoding   

  12  0:00  Drone  
  13  0:13  Overlord  
  13  0:17  Drone  
  14  0:31  Drone x2  
  14  0:35  Drone  
  17  0:46  Drone  
  18  0:55  Hatchery  
  17  0:59  Drone  
  18  1:07  Drone  
  19  1:22  Hatchery  
  18  1:25  Drone  
  18  1:29  Drone  
  20  1:34  Extractor  
  19  1:47  Drone  
  19  1:50  Spawning Pool, Drone  
  20  2:03  Drone  
  21  2:08  Drone  
  21  2:14  Drone  
  23  2:19  Drone  
  24  2:23  Drone  
  25  2:30  Drone  
  25  2:35  Overlord  
  25  2:37  Queen x2  
  26  2:39  Drone  
  26  2:43  Metabolic Boost  
  31  2:46  Zergling x2  
  31  2:48  Drone  
  31  2:49  Drone  
  34  2:54  Zergling x4  
  37  2:58  Zergling x2  
  37  3:01  Zergling x2  
  38  3:10  Overlord, Queen  
  38  3:12  Drone x2  
  41  3:28  Queen  
  41  3:30  Overlord, Drone x2  
  41  3:32  Drone x2  
  47  3:37  Drone x2  
  49  3:46  Overlord  
  49  3:49  Drone x4  
  49  3:50  Drone x4  
  57  3:59  Lair  
  57  4:04  Roach Warren, Queen  
  57  4:07  Overlord  
  57  4:08  Drone  
  59  4:12  Overlord  
  59  4:16  Drone  
  59  4:17  Overlord, Drone  
  61  4:23  Overlord  
  61  4:24  Overlord  
  61  4:27  Drone x4  
  61  4:31  Evolution Chamber  
  64  4:32  Drone x2  
  64  4:36  Drone  
  67  4:42  Extractor, Spore Crawler x2  
  67  4:43  Extractor  
  67  4:44  Drone x2, Spore Crawler  
  67  4:45  Drone  
  65  4:49  Drone x3  
  65  4:50  Extractor  
  65  4:51  Drone x3  
  70  4:56  Zerg Missile Weapons Level 1  
  70  4:58  Drone x2  
  70  4:59  Drone  
  73  5:05  Hatchery  
  72  5:11  Extractor x2  
  70  5:14  Drone  
  70  5:15  Drone  
  70  5:16  Drone x3, Hydralisk Den  
  74  5:22  Drone x5  
  74  5:24  Overlord  
  74  5:25  Overlord  
  74  5:27  Drone  
  80  5:31  Drone  
  80  5:35  Roach x4  
  88  5:36  Roach  
  87  5:44  Drone x2  
  87  5:46  Overlord, Muscular Augments  
  87  5:48  Drone  
  87  5:49  Hydralisk  
  92  5:52  Hydralisk x2  
  96  5:57  Hydralisk  
  96  5:59  Hydralisk  
  96  6:01  Overlord  
  100  6:05  Drone  
  100  6:06  Drone  
  100  6:07  Drone  
  100  6:14  Drone  
  100  6:15  Hydralisk x4, Spore Crawler  
  100  6:17  Drone  
  109  6:19  Overseer  
  109  6:22  Drone  
  109  6:23  Drone x2  
  109  6:24  Drone x2  
  114  6:26  Drone  
  115  6:33  Hydralisk x3  
  115  6:34  Overlord  
  115  6:37  Drone  
  115  6:38  Hydralisk x2  
  123  6:42  Spore Crawler  
  123  6:43  Overlord  
  122  6:49  Drone x4  
  122  6:51  Zerg Ground Armor Level 1  
  126  6:54  Overseer  
  126  6:56  Drone  
  126  6:58  Lurker Den  
  126  6:59  Extractor x2  
  126  7:00  Hydralisk  
  127  7:03  Overlord  
  127  7:04  Drone x2  
  127  7:05  Hydralisk x2  
  133  7:10  Hydralisk  
  133  7:14  Overlord x3  
  135  7:20  Drone  
  135  7:22  Overlord x2  
  136  7:24  Hydralisk x3  
  136  7:27  Drone x2  
  143  7:30  Drone  
  143  7:31  Drone  
  143  7:32  Drone, Hydralisk x2  
  148  7:37  Hydralisk  
  148  7:38  Hydralisk x2  
  148  7:41  Overseer  
  153  7:44  Drone  
  153  7:49  Roach x2  
  158  7:53  Roach x4  
  158  7:54  Roach x2  
  158  7:55  Overlord  
  158  7:57  Overlord  
  170  8:01  Hydralisk x2  
  173  8:09  Overlord x2  
  173  8:11  Glial Reconstitution  
  172  8:13  Overlord  
  172  8:17  Zergling x10  
  177  8:25  Lurker  
  178  8:27  Lurker x4  
  178  8:28  Lurker x2  
  178  8:33  Drone x2  
  185  8:36  Hatchery  
  185  8:38  Lurker x2  
  185  8:39  Zergling x16  
  192  8:47  Lurker x2  
  194  8:49  Zergling x4  
  194  8:50  Zergling x6  
  190  9:08  Roach  
  190  9:09  Roach x4  
  194  9:14  Hydralisk  
  194  9:15  Hydralisk x4  
  197  9:29  Hydralisk x6  
  197  9:30  Zergling x2  
  195  9:45  Hydralisk x4  
  190  9:50  Hydralisk x2  
  160  9:56  Hydralisk x9  
  160  9:58  Queen  
  174  10:05  Drone x5  
  168  10:12  Overseer, Zergling x6  
  168  10:13  Zerg Ground Armor Level 2  
  161  10:15  Extractor  
  161  10:16  Lurker  
  161  10:19  Zergling x8  
  161  10:20  Drone, Extractor  
  161  10:21  Drone x4  
  167  10:23  Lurker  
  167  10:24  Lurker  
  167  10:27  Zergling x2  
  172  10:32  Lurker  
  172  10:35  Lurker  
  174  10:40  Spine Crawler  
  173  10:42  Spore Crawler  
  173  10:43  Lurker x2  
  173  10:46  Zergling x2  
  173  10:47  Zergling x24  
  187  10:50  Lurker  
  187  10:51  Lurker  
  187  10:53  Zergling x10  
  188  11:01  Lurker x3  
  183  11:05  Zergling x8  
  183  11:06  Zergling x14  
  164  11:18  Zergling x2  
  164  11:19  Zergling x20  
  164  11:23  Zergling x6  
  139  11:29  Hydralisk x2  
  139  11:30  Spire, Hydralisk x2, Evolution Chamber  
  139  11:32  Zergling x4  
  142  11:37  Hydralisk x2  
  142  11:39  Lurker x2  
  149  11:40  Lurker x2  
  150  11:48  Hydralisk x3  
  156  11:56  Lurker x4  
  160  12:05  Zergling x26  
  170  12:11  Hydralisk x2  
  171  12:27  Hydralisk x3  
  159  12:34  Drone x5  
  159  12:40  Lurker x4  
  163  12:49  Zergling x4  
  163  12:50  Zergling x16  
  173  12:54  Hydralisk x4  
  173  12:57  Hydralisk  
  159  13:01  Zergling x4  
  126  13:09  Drone x5  
  126  13:12  Drone x2  
  129  13:14  Overseer  
  129  13:16  Hydralisk x8  
  123  13:26  Lurker x4  
  131  13:27  Lurker x4  
Tags
 
Add a new tag
Caveats
  • Supply blocks, unpowered buildings, or Contaminate may cause inaccurate times.
  • Supply counts are checked every 10 seconds.